[ AOE2 MATCH · #507118377 ]
UnrankedCumans vs Wei
Player's team · WIN
Rival team · LOSS
[ REPLAY ANALYSIS · EXTRACTED FROM THE RECORDED GAME ]
Feudal
8:25
Castle
25:23
Imperial
51:57
| APM avg | 56.6 |
| APM peak | 95 |
| eAPM avg | 25.1 |
| Villagers / military | 81 / 106 |
Focus
⚔️ 42.4% · 🌾 57.6%
Kipchak ×41 · Spearman ×15 · Knight ×13 · Scout Cavalry ×10 · Battering Ram ×7 · Monk ×5
Feudal
9:20
Castle
31:41
Imperial
50:30
| APM avg | 59.1 |
| APM peak | 88 |
| eAPM avg | 43.2 |
| Villagers / military | 99 / 158 |
Focus
⚔️ 45.7% · 🌾 54.3%
Militia ×102 · Spearman ×35 · Unknown (1952) ×13 · Archer ×7 · Battering Ram ×7 · Unknown (1942) ×7
Match map
Initial resources + every placement click. Lines = walls · curves = elevation contours. ◆ gold · ⬟ stone · ● berries · ✦ relic · ◌ wall gap
Your base· ✓ Closed at 25:23 · 3t walls · 2 gate(s)
TM Caesar's base· ✓ Closed at 31:41 · 28t walls · 2 gate(s)
Smoothed initial terrain · ◌ = detected wall gap · hover for details
Inputs per minute
— MztK | FeNiX - - TM Caesar
Build order — MztK | FeNiX
First 150 of 301 actions detected
| 0:00 | Queue | Villager (Male) |
| 0:02 | Build | House |
| 0:03 | Build | House |
| 0:19 | Queue | Villager (Male) |
| 0:19 | Queue | Villager (Male) |
| 0:19 | Queue | Villager (Male) |
| 0:53 | Build | Lumber Camp |
| 1:35 | Queue | Villager (Male) |
| 1:56 | Queue | Villager (Male) |
| 2:23 | Queue | Villager (Male) |
| 2:48 | Queue | Villager (Male) |
| 2:48 | Queue | Villager (Male) |
| 3:21 | Queue | Villager (Male) |
| 4:08 | Queue | Villager (Male) |
| 4:29 | Build | House |
| 4:31 | Research | Loom |
| 4:47 | Build | Mining Camp |
| 4:59 | Queue | Villager (Male) |
| 5:19 | Queue | Villager (Male) |
| 5:26 | Queue | Villager (Male) |
| 6:15 | Research | Feudal Age |
| 6:15 | Research | Feudal Age |
| 7:30 | Queue | Villager (Male) |
| 7:30 | Queue | Villager (Male) |
| 7:30 | Queue | Villager (Male) |
| 7:31 | Queue | Villager (Male) |
| 7:34 | Build | House |
| 8:10 | Build | Mill |
| 8:25 | Age | Feudal Age |
| 8:30 | Build | Watch Tower |
| 8:43 | Build | Blacksmith |
| 9:30 | Build | Siege Workshop |
| 9:36 | Queue | Villager (Male) |
| 10:13 | Queue | Battering Ram |
| 10:13 | Queue | Battering Ram |
| 10:40 | Build | House |
| 10:42 | Queue | Villager (Male) |
| 10:43 | Queue | Villager (Male) |
| 10:43 | Queue | Villager (Male) |
| 11:14 | Build | Mill |
| 11:29 | Build | Watch Tower |
| 12:15 | Queue | Villager (Male) |
| 12:16 | Queue | Villager (Male) |
| 12:57 | Queue | Villager (Male) |
| 13:01 | Build | Barracks |
| 13:02 | Queue | Villager (Male) |
| 13:05 | Build | Mining Camp |
| 13:23 | Build | House |
| 13:30 | Queue | Spearman |
| 13:31 | Queue | Spearman |
| 13:41 | Build | Farm |
| 13:43 | Build | Farm |
| 13:46 | Queue | Villager (Male) |
| 14:13 | Queue | Spearman |
| 14:14 | Queue | Spearman |
| 14:17 | Build | House |
| 14:21 | Queue | Villager (Male) |
| 14:41 | Research | Fletching |
| 14:43 | Queue | Villager (Male) |
| 14:47 | Build | Farm |
| 15:01 | Research | Town Watch |
| 15:09 | Queue | Spearman |
| 15:10 | Queue | Spearman |
| 15:10 | Queue | Spearman |
| 15:19 | Queue | Villager (Male) |
| 16:04 | Queue | Spearman |
| 16:04 | Queue | Spearman |
| 16:11 | Queue | Villager (Male) |
| 16:16 | Queue | Battering Ram |
| 16:16 | Queue | Battering Ram |
| 16:23 | Build | House |
| 16:25 | Build | House |
| 16:36 | Build | Farm |
| 16:36 | Build | Farm |
| 16:37 | Build | Farm |
| 16:59 | Research | Scale Mail Armor |
| 17:19 | Queue | Spearman |
| 17:19 | Queue | Spearman |
| 17:20 | Queue | Spearman |
| 17:33 | Queue | Spearman |
| 18:07 | Build | House |
| 18:16 | Queue | Villager (Male) |
| 18:42 | Queue | Villager (Male) |
| 18:45 | Build | Farm |
| 18:46 | Build | Farm |
| 18:57 | Build | Market |
| 18:59 | Queue | Villager (Male) |
| 19:35 | Queue | Villager (Male) |
| 19:52 | Queue | Villager (Male) |
| 19:59 | Research | Gold Mining |
| 19:59 | Research | Gold Mining |
| 20:23 | Build | House |
| 20:34 | Build | House |
| 21:01 | Queue | Villager (Male) |
| 21:02 | Build | Farm |
| 21:02 | Build | Farm |
| 21:08 | Build | Farm |
| 21:22 | Build | Watch Tower |
| 21:48 | Build | House |
| 22:26 | Queue | Battering Ram |
| 22:35 | Queue | Villager (Male) |
| 22:36 | Build | Farm |
| 22:43 | Research | Castle Age |
| 23:45 | Build | House |
| 24:08 | Queue | Battering Ram |
| 24:16 | Build | Watch Tower |
| 24:22 | Queue | Militia |
| 24:23 | Queue | Spearman |
| 24:23 | Queue | Spearman |
| 24:44 | Build | House |
| 24:50 | Build | Palisade Wall |
| 24:51 | Build | Palisade Wall |
| 25:18 | Build | Palisade Wall |
| 25:19 | Build | Palisade Wall |
| 25:23 | Age | Castle Age |
| 25:30 | Build | Palisade Wall |
| 25:32 | Build | Palisade Wall |
| 25:35 | Build | Palisade Wall |
| 26:00 | Queue | Villager (Male) |
| 26:13 | Queue | Villager (Male) |
| 26:13 | Queue | Villager (Male) |
| 26:17 | Build | House |
| 26:25 | Build | Stable |
| 26:34 | Queue | Villager (Male) |
| 26:39 | Build | Lumber Camp |
| 26:40 | Queue | Villager (Male) |
| 26:40 | Queue | Villager (Male) |
| 27:19 | Build | Palisade Wall |
| 27:20 | Build | Palisade Wall |
| 27:28 | Build | Palisade Wall |
| 28:41 | Build | Palisade Gate |
| 28:51 | Research | Bodkin Arrow |
| 29:00 | Queue | Steppe Lancer |
| 29:00 | Queue | Steppe Lancer |
| 29:01 | Queue | Steppe Lancer |
| 29:01 | Queue | Steppe Lancer |
| 29:27 | Build | Castle |
| 29:33 | Build | House |
| 29:36 | Build | Palisade Gate |
| 30:05 | Build | Palisade Wall |
| 30:08 | Build | House |
| 30:15 | Build | Palisade Wall |
| 30:56 | Build | Palisade Wall |
| 31:03 | Queue | Knight |
| 31:03 | Queue | Knight |
| 31:04 | Queue | Knight |
| 31:04 | Queue | Knight |
| 31:12 | Queue | Villager (Male) |
| 31:20 | Queue | Scorpion |
| 31:31 | Queue | Villager (Male) |
Build order — TM Caesar
First 150 of 412 actions detected
| 0:01 | Queue | Villager (Male) |
| 0:01 | Queue | Villager (Male) |
| 0:01 | Queue | Villager (Male) |
| 0:01 | Queue | Villager (Male) |
| 0:02 | Build | House |
| 0:04 | Build | House |
| 1:24 | Queue | Villager (Male) |
| 1:47 | Build | Lumber Camp |
| 2:00 | Queue | Villager (Male) |
| 2:01 | Queue | Villager (Male) |
| 2:17 | Queue | Villager (Male) |
| 2:17 | Queue | Villager (Male) |
| 2:43 | Queue | Villager (Male) |
| 2:43 | Queue | Villager (Male) |
| 3:07 | Queue | Villager (Male) |
| 3:07 | Queue | Villager (Male) |
| 3:25 | Build | House |
| 3:33 | Queue | Villager (Male) |
| 3:33 | Queue | Villager (Male) |
| 4:04 | Queue | Villager (Male) |
| 4:05 | Queue | Villager (Male) |
| 4:19 | Build | Mill |
| 4:22 | Queue | Villager (Male) |
| 4:23 | Queue | Villager (Male) |
| 4:57 | Queue | Villager (Male) |
| 4:57 | Queue | Villager (Male) |
| 6:03 | Build | Farm |
| 6:20 | Queue | Villager (Male) |
| 6:43 | Research | Loom |
| 6:51 | Build | House |
| 7:09 | Research | Feudal Age |
| 7:09 | Research | Feudal Age |
| 7:50 | Build | Farm |
| 7:56 | Queue | Villager (Male) |
| 8:22 | Build | House |
| 8:52 | Build | House |
| 8:54 | Build | House |
| 8:56 | Build | Palisade Wall |
| 8:58 | Queue | Villager (Male) |
| 9:07 | Build | Palisade Wall |
| 9:20 | Age | Feudal Age |
| 9:23 | Research | Double-Bit Axe |
| 9:23 | Research | Double-Bit Axe |
| 9:27 | Research | Horse Collar |
| 9:27 | Queue | Villager (Male) |
| 9:44 | Build | Watch Tower |
| 9:48 | Queue | Villager (Male) |
| 10:05 | Queue | Villager (Male) |
| 10:20 | Queue | Villager (Male) |
| 10:24 | Build | Mining Camp |
| 10:37 | Queue | Villager (Male) |
| 10:39 | Build | House |
| 10:52 | Build | Farm |
| 11:06 | Build | Palisade Wall |
| 11:07 | Build | Palisade Wall |
| 11:08 | Build | Palisade Wall |
| 11:18 | Queue | Villager (Male) |
| 11:27 | Build | Palisade Wall |
| 11:28 | Queue | Villager (Male) |
| 11:31 | Build | Farm |
| 11:40 | Build | Watch Tower |
| 11:43 | Build | Palisade Wall |
| 11:59 | Build | Palisade Wall |
| 12:01 | Queue | Villager (Male) |
| 12:24 | Queue | Villager (Male) |
| 12:58 | Queue | Villager (Male) |
| 12:59 | Build | Farm |
| 13:03 | Queue | Villager (Male) |
| 13:09 | Build | Barracks |
| 13:19 | Build | Farm |
| 13:19 | Queue | Villager (Male) |
| 13:40 | Queue | Villager (Male) |
| 14:01 | Build | House |
| 14:03 | Queue | Villager (Male) |
| 14:16 | Queue | Villager (Male) |
| 14:23 | Build | Watch Tower |
| 14:29 | Build | House |
| 14:45 | Queue | Villager (Male) |
| 14:53 | Build | Watch Tower |
| 15:01 | Build | House |
| 15:04 | Queue | Villager (Male) |
| 15:09 | Build | Blacksmith |
| 15:11 | Queue | Villager (Male) |
| 15:17 | Build | House |
| 15:36 | Queue | Villager (Male) |
| 15:49 | Build | House |
| 16:03 | Build | House |
| 16:05 | Queue | Villager (Male) |
| 16:07 | Build | House |
| 16:09 | Research | Fletching |
| 16:10 | Queue | Villager (Male) |
| 16:15 | Build | House |
| 16:20 | Queue | Villager (Male) |
| 16:32 | Queue | Villager (Male) |
| 16:35 | Build | Farm |
| 16:35 | Queue | Villager (Male) |
| 16:49 | Queue | Villager (Male) |
| 16:52 | Queue | Villager (Male) |
| 16:59 | Build | Mining Camp |
| 17:37 | Build | Watch Tower |
| 17:39 | Queue | Villager (Male) |
| 17:40 | Build | Farm |
| 17:53 | Build | Archery Range |
| 18:02 | Build | House |
| 18:03 | Build | House |
| 18:11 | Research | Wheelbarrow |
| 18:48 | Build | Watch Tower |
| 18:55 | Queue | Villager (Male) |
| 19:03 | Build | Farm |
| 19:14 | Build | House |
| 19:22 | Build | House |
| 19:25 | Build | House |
| 19:26 | Queue | Villager (Male) |
| 19:37 | Queue | Archer |
| 19:50 | Queue | Villager (Male) |
| 19:55 | Queue | Archer |
| 20:00 | Build | House |
| 20:07 | Build | House |
| 20:16 | Queue | Archer |
| 20:16 | Queue | Villager (Male) |
| 20:31 | Build | Barracks |
| 20:32 | Queue | Villager (Male) |
| 20:37 | Build | House |
| 20:45 | Queue | Archer |
| 20:58 | Build | House |
| 21:06 | Queue | Archer |
| 21:10 | Build | Mill |
| 21:11 | Build | Farm |
| 21:11 | Build | Farm |
| 21:11 | Build | Farm |
| 21:11 | Build | Farm |
| 21:12 | Build | Farm |
| 21:12 | Queue | Villager (Male) |
| 21:17 | Research | Man-at-Arms (upgrade) |
| 21:17 | Research | Man-at-Arms (upgrade) |
| 21:18 | Research | Scale Mail Armor |
| 21:18 | Research | Scale Mail Armor |
| 21:29 | Build | House |
| 21:57 | Research | Forging |
| 21:58 | Research | Forging |
| 22:20 | Queue | Archer |
| 22:21 | Queue | Militia |
| 22:21 | Queue | Militia |
| 22:40 | Build | House |
| 22:42 | Build | House |
| 22:45 | Build | Farm |
| 22:49 | Build | House |
| 22:51 | Build | Farm |
| 22:51 | Build | Farm |
| 22:53 | Queue | Archer |
Match timeline
| 8:25 | MztK | FeNiX · age_up feudal |
| 8:56 | TM Caesar · wall_segment Palisade Wall x7 |
| 9:07 | TM Caesar · wall_segment Palisade Wall x9 |
| 9:20 | TM Caesar · age_up feudal |
| 9:30 | MztK | FeNiX · first_building Siege Workshop |
| 11:06 | TM Caesar · wall_segment Palisade Wall x1 |
| 11:07 | TM Caesar · wall_segment Palisade Wall x1 |
| 11:08 | TM Caesar · wall_segment Palisade Wall x1 |
| 11:27 | TM Caesar · wall_segment Palisade Wall x8 |
| 11:43 | TM Caesar · wall_segment Palisade Wall x1 |
| 11:59 | TM Caesar · wall_segment Palisade Wall x1 |
| 13:01 | MztK | FeNiX · first_building Barracks |
| 13:09 | TM Caesar · first_building Barracks |
| 17:53 | TM Caesar · first_building Archery Range |
| 22:38 | MztK | FeNiX · first_market_buy 100 food |
| 24:50 | MztK | FeNiX · wall_segment Palisade Wall x1 |
| 24:51 | MztK | FeNiX · wall_segment Palisade Wall x1 |
| 25:18 | MztK | FeNiX · wall_segment Palisade Wall x1 |
| 25:19 | MztK | FeNiX · wall_segment Palisade Wall x1 |
| 25:23 | MztK | FeNiX · age_up castle |
| 25:30 | MztK | FeNiX · wall_segment Palisade Wall x1 |
| 25:32 | MztK | FeNiX · wall_segment Palisade Wall x1 |
| 25:35 | MztK | FeNiX · wall_segment Palisade Wall x1 |
| 26:25 | MztK | FeNiX · first_building Stable |
| 27:19 | MztK | FeNiX · wall_segment Palisade Wall x1 |
| 27:20 | MztK | FeNiX · wall_segment Palisade Wall x1 |
| 27:28 | MztK | FeNiX · wall_segment Palisade Wall x1 |
| 28:49 | TM Caesar · first_market_buy 100 food |
| 28:54 | TM Caesar · first_market_sell 100 wood |
| 29:27 | MztK | FeNiX · first_building Castle |
| 30:05 | MztK | FeNiX · wall_segment Palisade Wall x1 |
| 30:15 | MztK | FeNiX · wall_segment Palisade Wall x1 |
| 30:56 | MztK | FeNiX · wall_segment Palisade Wall x1 |
| 31:41 | TM Caesar · age_up castle |
| 31:42 | TM Caesar · first_building Siege Workshop |
| 39:01 | MztK | FeNiX · wall_segment Palisade Wall x1 |
| 39:24 | TM Caesar · wall_segment Palisade Wall x1 |
| 41:27 | TM Caesar · wall_segment Palisade Wall x1 |
| 41:43 | MztK | FeNiX · wall_segment Palisade Wall x1 |
| 41:50 | TM Caesar · first_building Monastery |
| 42:00 | MztK | FeNiX · wall_segment Palisade Wall x1 |
| 42:02 | MztK | FeNiX · wall_segment Palisade Wall x1 |
| 42:03 | MztK | FeNiX · wall_segment Palisade Wall x1 |
| 42:10 | MztK | FeNiX · first_building Monastery |
| 42:31 | MztK | FeNiX · wall_segment Palisade Wall x1 |
| 45:46 | TM Caesar · first_building Castle |
| 47:57 | TM Caesar · wall_segment Palisade Wall x1 |
| 50:30 | TM Caesar · age_up imperial |
| 51:57 | MztK | FeNiX · age_up imperial |
| 53:08 | MztK | FeNiX · first_market_sell 100 wood |
| 58:51 | TM Caesar · resign |
[ AI ANALYSIS · 1 CREDIT ]
What really happened in this match?
Wolo.gg analyzes every decision: build order, eco, micro, common mistakes by bracket. Personalized analysis on WhatsApp or Discord in 30 seconds.
Civ guide
Cumans
Perfil
Jugador #2326154